 Dungeon Crawl Stone Soup version 0.31-a0-174-g85c54bcb58 (webtiles) character file.

Game seed: 114575334509358207

282 qw the Chopper (level 6, -1/38 HPs)
             Began as a Gargoyle Fighter on June 15, 2023.
             Was an Initiate of Okawaru.
             Slain by an orc warrior
             ... wielding a +0 battleaxe
              (20 damage)
             ... on level 5 of the Dungeon.
             The game lasted 00:01:49 (4530 turns).

qw the Chopper (Gargoyle Fighter)                   Turns: 4530, Time: 00:01:49

Health: -1/38      AC: 13    Str: 22    XL:     6   Next: 28%
Magic:  6/6        EV:  8    Int:  8    God:    Okawaru [......]
Gold:   231        SH:  4    Dex:  9    Spells: 5/5 levels left

rFire   . . .        Y - +0 war axe
rCold   . . .        c - +0 buckler
rNeg    + . .        m - +0 chain mail
rPois   inf          (no helmet)
rElec   +            (no cloak)
rCorr   .            (no gloves)
SInv    .            (no boots)
Will    .....        (no amulet) Stlth
                     (no ring)
HPRegen 0.26/turn    (no ring)
MPRegen 0.10/turn

%: no passive effects
@: no status effects
A: sickness immunity, AC +4, negative energy resistance 1, electricity
resistance, torment resistance 1, petrification resistance
a: Renounce Religion


You were on level 5 of the Dungeon.
You worshipped Okawaru.
Okawaru was noncommittal.
You visited 2 branches of the dungeon, and saw 7 of its levels.

You collected 231 gold pieces.


Innate Abilities, Weirdness & Mutations

You are immune to sickness and miasma.
Your stone body is resilient. (AC +4)
You are immune to poison.
You resist negative energy. (rN+)
You are resistant to electric shocks. (rElec)
You are resistant to unholy torment.
You are immune to petrification.


   Skills:
 - Level 4.1 Fighting
 + Level 5.1 Axes
 - Level 3.2 Armour
 - Level 1.3 Dodging
 - Level 3.2 Shields


You had 5 spell levels left.
You didn't know any spells.
Your spell library was empty.

Inventory:

Hand Weapons
 h - a +0 morningstar
 Y - a +0 war axe (weapon)
Armour
 c - a +0 buckler (worn)
 k - a +0 helmet
 m - a +0 chain mail (worn)
Jewellery
 l - a ring of ice
Scrolls
 b - a scroll of poison {unknown}
 f - a scroll of identify
Potions
 a - a potion of magic
 d - a potion of might
 e - a potion of resistance
 g - 3 potions of curing
 i - a potion of cancellation
 j - a potion of lignification

Dungeon Overview and Level Annotations

Branches:
Dungeon (6/15)             Temple (1/1) D:4

Altars:
Ashenzari
Cheibriados
Dithmenos
Elyvilon
Fedhas
Gozag
Hepliaklqana
Nemelex Xobeh
Okawaru
Qazlal
Ru
Sif Muna
Trog
Wu Jian
Xom
Yredelemnul
Zin
The Shining One


Message History

You now have 231 gold pieces (gained 13).
Found a stone staircase leading down.
Enter note:
Enter note:
Enter note:
There is a stone staircase leading down here.
An orc warrior comes into view. It is wielding a +0 battleaxe.
Enter note:
Enter note:
Enter note:
4520 ||| Stepping ~*~*~tactically~*~*~ (stealth).
The orc warrior shouts!
You hear a shout! x5
You closely miss the orc warrior. The orc warrior misses you.
The orc warrior hits you with a +0 battleaxe.
An orc comes into view. It is wielding a +0 dagger.
The orc shouts!
You hit the orc warrior but do no damage.
You hear a shout!
The orc warrior closely misses you.
You hit the orc warrior.
The orc warrior is moderately wounded.
The orc warrior hits you with a +0 battleaxe.
You barely miss the orc warrior.
The orc warrior is moderately wounded.
The orc warrior hits you with a +0 battleaxe!
An orc wizard comes into view. It is wielding a +0 dagger.
The orc warrior hits you but does no damage.
You barely miss the orc warrior.
The orc warrior is moderately wounded.
The orc warrior hits you with a +0 battleaxe.
You hit the orc warrior but do no damage.
The orc warrior is moderately wounded.
An orc comes into view. It is wielding a +0 dagger.
The orc warrior hits you with a +0 battleaxe.
You slash the orc warrior!
The orc warrior is heavily wounded.
The orc warrior hits you with a +0 battleaxe!!
Ouch! That really hurt!
You die...

#.#
#.#
#.#
#.#
#.#
#.#
###.#
#.#
#.#
....#
#.#
#.#
#####
#.#
.#
#.#
#.
#.#
#.#
#@#
#o#


oo. ..... o#.#### ..#. ## #. #. You could see an orc warrior, an orc wizard and
2 orcs.

Vanquished Creatures
  2 hounds (D:4)
  A jelly (D:4)
  A sleepcap (D:3)
  Terence (D:3)
  3 adders
  2 worms
  3 dart slugs
  12 orcs
  4 ball pythons
  5 bats
  8 endoplasms
  2 giant cockroaches (D:3)
  12 goblins
  6 hobgoblins
  4 jackals
  3 quokkas
  2 frilled lizards
  9 kobolds
  4 rats
84 creatures vanquished.

Notes
Turn   | Place    | Note
-------+----------+-------------------------------------------
     0 | D:1      | qw the Gargoyle Fighter began the quest for the Orb.
     0 | D:1      | Reached XP level 1. HP: 14/14 MP: 1/1
     0 | D:1      | 0 ||| qw: Version: 0.2-a-29-g511e9b1
     0 | D:1      | 0 ||| qw: Game counter: 5446
     0 | D:1      | 0 ||| qw: Always use a shield: true
     0 | D:1      | 0 ||| qw: God list: Okawaru
     0 | D:1      | 0 ||| qw: Allow faded altars: false
     0 | D:1      | 0 ||| qw: Do Orc after D:15 true
     0 | D:1      | 0 ||| qw: Do second Lair branch before Depths: true
     0 | D:1      | 0 ||| qw: Lair rune preference: random
     0 | D:1      | 0 ||| qw: Plans: Normal, Zot:1-4, Slime:5, God:TSO, Crypt,
                  | Tomb, Abyss, Pan, Hells, Win
     0 | D:1      | 0 ||| PLANNING D:1-11
     6 | D:1      | Noticed a redback
     6 | D:1      | Noticed a komodo dragon
     6 | D:1      | Noticed a black bear
     7 | D:1      | Noticed a lindwurm
     7 | D:1      | Noticed a rime drake
   197 | D:1      | Reached skill level 2 in Axes
   257 | D:1      | Reached XP level 2. HP: 19/19 MP: 2/2
   338 | D:1      | 338 ||| Stepping ~*~*~tactically~*~*~ (stealth).
   441 | D:1      | 441 ||| DROPPING +0 club.
   731 | D:1      | 731 ||| READING scroll labelled VILUIR OGUM.
   732 | D:1      | 732 ||| READING 2 scrolls labelled EBACSE SEICENK.
   733 | D:1      | 733 ||| READING scroll labelled ANUASSIFAOD.
   734 | D:1      | 734 ||| READING scroll labelled FODOCOS POGUUL.
   735 | D:1      | 735 ||| READING scroll labelled USTRUSM QIANISM.
   738 | D:1      | 738 ||| DRINKING 4 bubbling purple potions.
   760 | D:2      | 760 ||| STAIRDANCE
   760 | D:2      | HP: 4/19 [worm (8)]
   762 | D:1      | HP: 1/19 [worm (3)]
   764 | D:1      | Reached skill level 3 in Axes
   858 | D:2      | 858 ||| Stepping ~*~*~tactically~*~*~ (hiding).
   869 | D:2      | Reached XP level 3. HP: 22/23 MP: 3/3
  1244 | D:2      | 1244 ||| DROPPING +0 whip.
  1468 | D:2      | Found a faded altar of an unknown god.
  1570 | D:2      | 1570 ||| Stepping ~*~*~tactically~*~*~ (stealth).
  1575 | D:2      | 1575 ||| Stepping ~*~*~tactically~*~*~ (hiding).
  1674 | D:2      | Reached XP level 4. HP: 28/28 MP: 4/4
  1835 | D:2      | 1835 ||| DROPPING ring of magical power.
  1836 | D:2      | 1836 ||| READING scroll labelled HOITZY DIHAI.
  1837 | D:2      | 1837 ||| READING 2 scrolls of identify.
  1837 | D:2      | 1837 ||| IDENTIFYING pink potion
  1910 | D:3      | Reached skill level 4 in Axes
  2057 | D:3      | Noticed Terence
  2070 | D:3      | Killed Terence
  2071 | D:3      | Reached XP level 5. HP: 31/32 MP: 5/5
  2385 | D:3      | You fall into a shaft and drop 3 floors!
  2386 | D:6      | 2386 ||| READING scroll labelled NITAAR ANTU.
  2387 | D:6      | 2387 ||| READING 4 scrolls of identify.
  2387 | D:6      | 2387 ||| IDENTIFYING inky potion
  2388 | D:6      | 2388 ||| READING 3 scrolls of identify.
  2388 | D:6      | 2388 ||| IDENTIFYING fizzy pink potion
  2389 | D:6      | 2389 ||| DROPPING potion of brilliance.
  2394 | D:6      | Noticed a water moccasin
  2395 | D:6      | 2395 ||| FLEEEEING.
  2396 | D:6      | 2396 ||| FLEEEEING.
  2397 | D:6      | 2397 ||| STAIRDANCE
  2398 | D:5      | Entered Level 5 of the Dungeon
  2449 | D:5      | 2449 ||| Stepping ~*~*~tactically~*~*~ (hiding).
  2497 | D:4      | 2497 ||| STAIRDANCE
  2605 | D:3      | Reached skill level 5 in Axes
  2620 | D:3      | 2620 ||| Stepping ~*~*~tactically~*~*~ (stealth).
  2621 | D:3      | 2621 ||| Stepping ~*~*~tactically~*~*~ (stealth).
  2739 | D:3      | 2739 ||| Stepping ~*~*~tactically~*~*~ (stealth).
  2883 | D:3      | 2883 ||| READING 2 scrolls of identify.
  2883 | D:3      | 2883 ||| IDENTIFYING orange potion
  2926 | D:3      | 2926 ||| READING scroll labelled CURRADW KUEJESH.
  2974 | D:4      | Found a staircase to the Ecumenical Temple.
  2975 | D:4      | 2975 ||| PLANNING TEMPLE
  2985 | Temple   | Entered the Ecumenical Temple
  3055 | Temple   | 3055 ||| PLANNING OKAWARU WORSHIP
  3097 | Temple   | Became a worshipper of Warmaster Okawaru
  3098 | Temple   | 3098 ||| PLANNING D:1-11
  3363 | D:4      | 3363 ||| Stepping ~*~*~tactically~*~*~ (hiding).
  3483 | D:4      | 3483 ||| Stepping ~*~*~tactically~*~*~ (hiding).
  3486 | D:4      | 3486 ||| Stepping ~*~*~tactically~*~*~ (hiding).
  3860 | D:4      | Reached skill level 1 in Dodging
  3860 | D:4      | Reached XP level 6. HP: 27/38 MP: 6/6
  4218 | D:4      | 4218 ||| UPGRADING to +0 chain mail.
  4228 | D:4      | 4228 ||| DROPPING +0 scale mail.
  4229 | D:4      | 4229 ||| READING 2 scrolls labelled FEEQUTAMOHIW.
  4230 | D:4      | 4230 ||| READING 2 scrolls of identify.
  4230 | D:4      | 4230 ||| IDENTIFYING grey potion
  4231 | D:4      | 4231 ||| DROPPING scroll of fear.
  4305 | D:5      | 4305 ||| DROPPING +0 flail.
  4519 | D:5      | Noticed an orc warrior
  4520 | D:5      | 4520 ||| Stepping ~*~*~tactically~*~*~ (stealth).
  4530 | D:5      | Slain by an orc warrior

Levels and vault maps discovered:
D:1:      onia_arrival_zoo_common, layout_basic
D:2:      minmay_razor_zed, layout_loops_ring,
          hellmonk_ecumenical_altar_leap_of_faith, kennysheep_flooded_box
D:3:      layout_basic, uniq_terence
D:4:      layout_layer_cave, minmay_temple_entry_stoned_glass
D:5:      layout_loops_ring
D:6:      layout_basic, mainiacjoe_overflow_alcove_4, nicolae_uskayaw_suspiria,
          uniq_maggie
Temple:   mainiacjoe_temple_coin_purse

Skill      XL: |  1  2  3  4  5 |
---------------+----------------+-----
Axes           | 2 3 4 5 |  5.1
Fighting       | 4 |  4.1
Dodging        | 1 |  1.3
Armour         | |  3.2
Shields        | |  3.2

Action                     |  1- 3 |  4- 6 || total
---------------------------+-------+-------++-------
  Melee: War axe           |    99 |   137 ||   236
  Throw: Boomerang         |    70 |    24 ||    94
    Use: Scroll            |     5 |     9 ||    14
         Potion            |     1 |       ||     1
 Armour: Scale mail        |    57 |    61 ||   118
         Chain mail        |       |     5 ||     5
  Dodge: Dodged            |    45 |    43 ||    88
  Block: Buckler           |    21 |    18 ||    39

Table legend:
 A = Non-vault XP
 B = Vault XP
 C = Vault XP percentage of total XP
 D = Non-vault monster count
 E = Vault monster count
 F = Vault count percentage of total count
                 A         B        C        D         E       F
            +---------+---------+-------+---------+---------+-------
      Total |     341 |      62 |  15.4 |      75 |       9 |  10.7
            +---------+---------+-------+---------+---------+-------
        D:1 |      33 |       0 |   0.0 |      17 |       0 |   0.0
        D:2 |      38 |      26 |  40.6 |      14 |       8 |  36.4
        D:3 |      92 |      36 |  28.1 |      24 |       1 |   4.0
        D:4 |     172 |       0 |   0.0 |      18 |       0 |   0.0
        D:5 |       6 |       0 |   0.0 |       2 |       0 |   0.0
            +---------+---------+-------+---------+---------+-------
